 Dungeon Crawl Stone Soup version 0.24.0-7-gb3623d2c88 (webtiles) character file.

Game seed: 12223425379805835151, levelgen mode: deterministic

89 Impervious the Skirmisher (level 4, -2/37 HPs)
             Began as a Demonspawn Fighter on Nov 3, 2019.
             Killed by divine providence
             ... invoked by an orc priest
              (11 damage)
             ... on level 3 of the Dungeon.
             The game lasted 00:06:24 (2222 turns).

Impervious the Skirmisher (Demonspawn Fighter)      Turns: 2222, Time: 00:06:25

Health: -2/37      AC:  5    Str: 17    XL:     4   Next: 31%
Magic:  5/5        EV:  8    Int: 10    God:
Gold:   90         SH:  9    Dex: 12    Spells: 4/4 levels left

rFire    . . .     SeeInvis .   a - +0 long sword
rCold    . . .     Gourm    +   c - +0 shield
rNeg     . . .     Faith    .   k - +0 ring mail (curse)
rPois    +         Spirit   .   (no helmet)
rElec    .         Reflect  .   (no cloak)
rCorr    .         Harm     .   (no gloves)
MR       .....                  (no boots)
Stlth    ..........             o - amulet of the gourmand
HPRegen  0.12/turn              m - ring of poison resistance
MPRegen  0.09/turn              (no ring)

@: no status effects
A: hooves 1, powered by death 1
a: no special abilities


You were on level 3 of the Dungeon.
You were full.

You visited 1 branch of the dungeon, and saw 3 of its levels.

You collected 90 gold pieces.

Inventory:

Hand Weapons
 a - a +0 long sword (weapon)
Armour
 b - a +0 scale mail
 c - a +0 shield (worn)
 k - a cursed +0 ring mail (worn)
Jewellery
 m - a ring of poison resistance (left hand)
 o - an amulet of the gourmand (around neck)
Scrolls
 e - 2 scrolls of enchant armour {unknown}
 h - a scroll of identify {unknown}
 i - a scroll of teleportation {unknown}
 j - a scroll of blinking {unknown}
 l - a scroll of magic mapping {unknown}
 n - a scroll of fog {unknown}
 p - 3 scrolls of enchant weapon {unknown}
Potions
 d - 2 potions of might
 g - a potion of curing {unknown}
Comestibles
 f - 5 rations


   Skills:
 * Level 3.9 Fighting
 + Level 2.1 Long Blades
 + Level 3.0 Armour
 + Level 1.0 Dodging
 + Level 2.9 Shields
 + Level 0.7 Unarmed Combat
 + Level 0.9 Spellcasting


You had 4 spell levels left.
You didn't know any spells.
Your spell library was empty.

Dungeon Overview and Level Annotations

Branches:
Dungeon (3/15)

Altars:
Nemelex Xobeh
The Shining One


Innate Abilities, Weirdness & Mutations

You have large cloven feet.
You regenerate a little health from kills.


Message History

You are too injured to fight recklessly!
You are too injured to fight recklessly!
You are too injured to fight recklessly!
You are too injured to fight recklessly!
You are too injured to fight recklessly!
You are too injured to fight recklessly!
You are too injured to fight recklessly!
You are too injured to fight recklessly!
You hit the orc priest but do no damage.
You kick the orc priest, but do no damage.
The orc priest is severely wounded.
The orc priest calls down the wrath of Beogh upon you.
Beogh smites you!
* * * LOW HITPOINT WARNING * * *
You hear a shout!
You barely miss the orc priest.
The orc priest is severely wounded.
The orc priest invokes the aid of Beogh against you.
Beogh smites you!
You die...

########
###.##.#.#
#.#.##...#
#.#....#.########
#...............#
#...<....######.#
########## #.#
#@# #o# #o#


oo. #.. #.## #.. ### You could see an orc priest and 3 orcs.

Vanquished Creatures
  An orc wizard (D:3)
  2 adders (D:2)
  2 worms (D:2)
  A leopard gecko (D:1)
  An orc (D:3)
  5 bats
  3 giant cockroaches
  6 goblins
  3 hobgoblins
  3 kobolds
  2 quokkas
  4 frilled lizards
  3 rats
36 creatures vanquished.

Notes
Turn   | Place    | Note
-------+----------+-------------------------------------------
     0 | D:1      | Impervious the Demonspawn Fighter began the quest for the
                  | Orb.
     0 | D:1      | Reached XP level 1. HP: 18/18 MP: 1/1
   475 | D:1      | Gained mutation: You have large cloven feet. [demonic
                  | ancestry]
   475 | D:1      | Reached XP level 2. HP: 24/24 MP: 2/2
   746 | D:1      | You fall into a shaft and drop 1 floor!
   815 | D:2      | Found a glowing golden altar of the Shining One.
  1371 | D:2      | Found a sparkling altar of Nemelex Xobeh.
  1391 | D:2      | Reached XP level 3. HP: 19/29 MP: 3/3
  2044 | D:2      | Found a faded altar of an unknown god.
  2214 | D:3      | Reached skill level 1 in Dodging
  2214 | D:3      | Gained mutation: You regenerate a little health from kills.
                  | [demonic ancestry]
  2214 | D:3      | Reached XP level 4. HP: 25/37 MP: 5/5
  2222 | D:3      | Killed from afar by an orc priest

Levels and vault maps discovered:
D:1:      eino_arrival_water_star, layout_basic
D:2:      layout_loops_ring, tso_metal_star, nemelex_xobeh_ov_fountains_minmay,
          first_ration, chequers_ecumenical_altar_simple
D:3:      layout_basic, okawaru_altar_gauntlet_db, grunt_ministairs_15

Skill      XL: |  1  2  3 |
---------------+----------+-----
Long Blades    | 2 |  2.1
Armour         | 3 |  3.0
Dodging        | 1 |  1.0
Fighting       | |  3.9
Shields        | |  2.9
Unarmed Combat | |  0.7
Spellcasting   | |  0.9

Action                   |  1- 3 |  4- 6 || total
-------------------------+-------+-------++-------
Melee: Long sword        |   110 |     8 ||   118
       Kick              |    22 |     5 ||    27
  Eat: Chunk             |    14 |       ||    14
Armor: Scale mail        |    12 |       ||    12
       Ring mail         |    35 |       ||    35
Dodge: Dodged            |    34 |     2 ||    36
Block: Shield            |    54 |     3 ||    57
       Rpst.: Long sword |     8 |       ||     8
